 Dungeon Crawl Stone Soup version 0.31-a0-574-g69dc8cc98e (webtiles) character file.

Game seed: 9826864869977435725

22253 thirtiethelement the Slicer (level 12, -12/104 HPs)
             Began as a Demonspawn Necromancer on Aug 18, 2023.
             Was a Priest of Makhleb.
             Killed from afar by Azrael (33 damage)
             ... with damnation
             ... on level 12 of the Dungeon on Aug 19, 2023.
             The game lasted 00:59:23 (10213 turns).

thirtiethelement the Slicer (DsNe)                 Turns: 10213, Time: 00:59:23

Health: -12/104    AC: 16    Str: 12    XL:     12   Next: 61%
Magic:  0/24       EV: 23    Int: 24    God:    Makhleb [***...]
Gold:   579        SH:  0    Dex: 23    Spells: 19/27 levels left

rFire   . . .        f - +4 quick blade (protect)
rCold   . . .        (no shield)
rNeg    . . .        l - +4 robe of Augmentation {Str+4 Int+4 Dex+4}
rPois   +            (no helmet)
rElec   .            (no cloak)
rCorr   .            a - +0 pair of gloves "Offijemo" {*Slow Regen+ Dex+3 SInv}
SInv    +            (no boots)
Will    .....        g - amulet of regeneration
Stlth   +++          y - ring of poison resistance
HPRegen 1.97/turn    x - +5 ring of evasion
MPRegen 0.38/turn

%: slow self (1%), guardian spirit
@: about to teleport, under a protective aura
A: rugged brown scales 2, ignite blood 2, robust 1, magic shield, magic
regeneration, weakness stinger 2
a: Renounce Religion, Minor Destruction, Lesser Servant of Makhleb


You were on level 12 of the Dungeon.
You worshipped Makhleb.
Makhleb was most pleased with you.
You visited 2 branches of the dungeon, and saw 13 of its levels.

You collected 683 gold pieces.
You spent 104 gold pieces at shops.

Inventory:

Hand Weapons
 d - a +2 battleaxe of freezing
 f - a +4 quick blade of protection (weapon)
 k - a +2 quarterstaff of speed
 A - a +0 heavy long sword
Missiles
 o - a curare-tipped dart
 U - a throwing net
Armour
 a - the +0 pair of gloves "Offijemo" (worn) {*Slow Regen+ Dex+3 SInv}
   (You acquired it on level 8 of the Dungeon)

   Dex+3:     It affects your dexterity (+3).
   SInv:      It lets you see invisible.
   Regen+:    It increases your rate of health regeneration.
   *Slow:     It may slow you when you take damage.
 l - the +4 robe of Augmentation (worn) {Str+4 Int+4 Dex+4}
   (You found it on level 9 of the Dungeon)

   Str+4:     It affects your strength (+4).
   Int+4:     It affects your intelligence (+4).
   Dex+4:     It affects your dexterity (+4).
 C - +0 acid dragon scales
 E - the +0 leather armour of Music {Str+5}
   (You took it off a gnoll on level 10 of the Dungeon)

   Str+5:     It affects your strength (+5).
 F - +0 steam dragon scales
 S - a +2 troll leather armour {Snorg}
Magical Staves
 D - a staff of conjuration
Jewellery
 c - an amulet of magic regeneration
 e - a ring of protection from cold
 g - an amulet of regeneration (around neck)
 h - a ring of ice
 n - a ring of see invisible
 x - a +5 ring of evasion (right hand)
 y - a ring of poison resistance (left hand)
 O - a ring of willpower
Talismans
 q - a beast talisman
 s - a flux talisman
 w - a blade talisman
 z - a serpent talisman
Wands
 v - a wand of flame (40)
 H - a wand of digging (5)
 K - a wand of charming (28)
 P - a wand of light (6)
 Q - a wand of mindburst (8)
 R - a wand of roots (4)
Scrolls
 i - a scroll of poison
 j - 3 scrolls of blinking
 m - 2 scrolls of teleportation
 r - 2 scrolls of fear
 B - 2 scrolls of fog
 I - 2 scrolls of silence
Potions
 b - 3 potions of magic
 p - a potion of resistance
 t - 4 potions of haste
 u - 10 potions of curing
 G - a potion of lignification
 J - a potion of cancellation
 L - 2 potions of degeneration {unknown}
 M - 2 potions of brilliance {unknown}
 T - a potion of attraction {unknown}


   Skills:
 + Level 7.2 Fighting
 + Level 9.8 Short Blades
 + Level 4.5 Staves
 + Level 1.9 Armour
 + Level 7.9 Dodging
 + Level 5.4 Stealth
 + Level 8.3 Spellcasting
 + Level 9.7 Necromancy
 + Level 3.7 Shapeshifting


You had 19 spell levels left.
You knew the following spells:

 Your Spells              Type           Power      Damage    Failure   Level
a - Necrotise             Necr           100%       1d9       1%          1
b - Vampiric Draining     Necr           54%        2d9       1%          3
c - Animate Dead          Necr           54%        N/A       1%          4

Your spell library contained the following spells:

 Spells                   Type           Power      Damage    Failure   Level
 Agony                    Necr           54%        N/A       3%          5
 Lesser Beckoning         Tloc           20%        N/A       10%         2
 Static Discharge         Conj/Air       20%        2-3/arc   10%         2
 Gell's Gravitas          Tloc           10%        N/A       19%         3
 Teleport Other           Tloc           10%        N/A       19%         3
 Vhi's Electric Charge    Tloc/Air       20%        N/A       19%         3
 Airstrike                Air            5%         2d(1-17)  52%         4
 Summon Lightning Spire   Summ/Air       10%        N/A       52%         4
 Arcjolt                  Conj/Air       5%         1d15      86%         5
 Dispersal                Tloc           5%         N/A       100%        6
 Maxwell's Capacitive Co  Air            5%         ∞         100%        8


Dungeon Overview and Level Annotations

Branches:
Dungeon (12/15)            Temple (1/1) D:7            Lair (0/5) D:9
    Orc (0/2) D:10

Altars:
Ashenzari
Cheibriados
Dithmenos
Fedhas
Gozag
Hepliaklqana
Kikubaaqudgha
Makhleb
Nemelex Xobeh
Okawaru
Qazlal
Ru
Sif Muna
Trog
Uskayaw
Vehumet
Wu Jian
Xom
Yredelemnul

Shops:
D:4 ?   D:5 *

Annotations:
D:12 Azrael


Innate Abilities, Weirdness & Mutations

You are mostly covered in rugged brown scales. (AC +2, +5% HP)
Your demonic aura often causes spilled blood to erupt in flames.
You are robust. (+10% HP)
When hurt, damage is shared between your health and your magic reserves.
You regenerate magic rapidly.
You have a tail ending in a sharp stinger.


Message History

Azrael burns you.
A fire elemental comes into view.
You barely miss Azrael. You hit Azrael.
Azrael is lightly wounded.
Azrael hits you but does no damage.
You barely miss Azrael. You hit Azrael but do no damage.
Your tail-slap misses Azrael.
Azrael is lightly wounded.
You hit Azrael but do no damage. You barely miss Azrael.
You tail-slap Azrael, but do no damage.
Azrael is lightly wounded.
Azrael completely misses you.
You puncture Azrael! You hit Azrael but do no damage.
You tail-slap Azrael, but do no damage.
Azrael is lightly wounded.
Azrael gestures at you.
The fireball explodes!
The fireball engulfs you!!
The fireball engulfs Azrael.
Azrael completely resists.
You hit Azrael. You puncture Azrael!
Azrael is moderately wounded.
Azrael closely misses you.
You barely miss Azrael.
Your tail-slap misses Azrael.
You hit Azrael. You tail-slap Azrael, but do no damage.
Azrael is moderately wounded.
You hit Azrael but do no damage. You tail-slap Azrael.
You hit Azrael but do no damage.
Azrael is moderately wounded.
Azrael hits you but does no damage.
You hit Azrael but do no damage. You tail-slap Azrael, but do no damage.
You hit Azrael but do no damage.
Your tail-slap misses Azrael.
Azrael is moderately wounded.
Azrael gestures at you.
The sphere of damnation explodes!
The damnation engulfs you!!!
* * * LOW HITPOINT WARNING * * *
The damnation engulfs Azrael.
Azrael completely resists.
As you read the scroll of teleportation, it crumbles to dust.
You feel strangely unstable. Azrael gestures at you.
The sphere of damnation explodes!
The damnation engulfs you!!!
You die...

#.# #.#...○°....# *,,,,,,,,,*
#####.# #.##.#○.....# ###########
......###....#......# #.........#
..)<(....#####...#..# #.........#
.........+..##.#....###.........#
..###....##.#.......###..(......#
..# #....##.#.☼#E######.........#
..# #....##.#..#R#..............#
### #....##<#..#@##.#######.....#
### #######.#[##.##.#...........#
..# #.#.##.†..#.#####<##'## ..#
#...†######...##...#.# ..#
#....'.######........# ..#
#....#.######........# ..#
#....#'#######.###...# ..#
#............#.......## ..#
#........###.#.........


You could see Azrael and a fire elemental.

Vanquished Creatures
  Frances (D:11)
  Kirke (D:11)
  Snorg (D:11)
  Fannar (D:12)
  A boulder beetle (D:12)
  Erica (D:8)
  4 two-headed ogres
  Amaemon (D:10)
  Pikel (D:5)
  2 ugly things
  A cyclops (D:12)
  A manticore (D:11)
  An orange demon (D:10)
  A gargoyle (D:10)
  Jeremiah (D:6)
  6 trolls
  A hornet (D:11)
  6 slime creatures
  A hog (D:11)
  2 shadows
  A vampire (D:10)
  3 wyverns
  9 yaks
  4 fire elementals (D:12)
  Eustachio (D:4)
  2 steam dragons
  7 vampire mosquitoes
  Menkaure (D:6)
  3 acid dragons (D:11)
  2 hell hounds (D:12)
  2 water moccasins (D:5)
  3 black bears
  2 sky beasts (D:7)
  5 orc warriors
  3 centaurs
  A wolf (D:9)
  A phantom (D:3)
  3 kobold brigands
  4 bullfrogs (D:8)
  3 scorpions (D:7)
  3 gnoll sergeants
  10 wights
  9 killer bees (D:9)
  11 howler monkeys
  An electric eel (D:9)
  7 hounds
  2 orc priests
  A jelly (D:8)
  A gnoll bouda (D:7)
  2 sleepcaps (D:5)
  3 iguanas
  9 orc wizards
  10 adders
  16 gnolls
  2 white imps
  2 ufetubi
  2 worms (D:3)
  2 dart slugs
  25 orcs
  5 ball pythons
  7 bats
  3 endoplasms
  4 giant cockroaches
  4 goblins
  3 hobgoblins
  A quokka (D:2)
  18 kobolds
  4 rats
262 creatures vanquished.

Vanquished Creatures (collateral kills)
  A centaur (D:11)
  A hound (D:9)
  An orc (D:9)
  2 endoplasms
  A frilled lizard (D:2)
  2 kobolds (D:9)
8 creatures vanquished.

Vanquished Creatures (others)
  5 humans (D:12)
  2 howler monkeys (D:12)
7 creatures vanquished.

Grand Total: 277 creatures vanquished

Notes
Turn   | Place    | Note
-------+----------+-------------------------------------------
     0 | D:1      | thirtiethelement the Demonspawn Necromancer began the quest
                  | for the Orb.
     0 | D:1      | Reached XP level 1. HP: 13/13 MP: 3/3
   318 | D:1      | Found a faded altar of an unknown god.
   495 | D:1      | Gained mutation: You are partially covered in rugged brown
                  | scales. (AC +1, +3% HP) [demonic ancestry]
   495 | D:1      | Reached XP level 2. HP: 13/19 MP: 3/5
  1214 | D:2      | Gained mutation: You have a small tail. [demonic ancestry]
  1214 | D:2      | Reached XP level 3. HP: 22/24 MP: 1/7
  1502 | D:3      | Reached skill level 1 in Staves
  1502 | D:3      | Gained mutation: Your demonic aura sometimes causes spilled
                  | blood to erupt in flames. [demonic ancestry]
  1502 | D:3      | Reached XP level 4. HP: 29/30 MP: 5/8
  1682 | D:3      | Reached skill level 5 in Necromancy
  2081 | D:3      | Gained mutation: You are mostly covered in rugged brown
                  | scales. (AC +2, +5% HP) [demonic ancestry]
  2081 | D:3      | Reached XP level 5. HP: 11/37 MP: 5/9
  2466 | D:4      | Found a bloodstained altar of Trog.
  2468 | D:4      | Found a shimmering altar of Xom.
  2469 | D:4      | Found a sparkling altar of Nemelex Xobeh.
  2581 | D:4      | Noticed a phantom
  2614 | D:3      | Killed a phantom
  2615 | D:3      | Reached skill level 1 in Fighting
  2850 | D:4      | Gained mutation: You regenerate magic rapidly. [demonic
                  | ancestry]
  2850 | D:4      | Reached XP level 6. HP: 44/45 MP: 6/10
  2949 | D:4      | Noticed Eustachio
  2964 | D:4      | HP: 1/45 [ufetubus[Eustachio] (4)]
  3290 | D:4      | Found Keyrphif's Magic Scroll Shoppe.
  3295 | D:4      | Bought a scroll of identify for 22 gold pieces
  3295 | D:4      | Bought a scroll of blinking for 82 gold pieces
  3395 | D:4      | Killed Eustachio
  3396 | D:4      | Reached skill level 1 in Shapeshifting
  3412 | D:4      | Learned a level 3 spell: Vampiric Draining
  3417 | D:4      | Learned a level 4 spell: Animate Dead
  3564 | D:5      | Entered Level 5 of the Dungeon
  3595 | D:5      | Gained mutation: Your demonic aura often causes spilled
                  | blood to erupt in flames. [demonic ancestry]
  3595 | D:5      | Reached XP level 7. HP: 14/50 MP: 12/12
  3781 | D:5      | Identified a scroll of acquirement
  3783 | D:5      | Acquired a +3 quick blade of protection
  3795 | D:5      | Found a stormy altar of Qazlal.
  3838 | D:5      | Noticed Pikel
  3844 | D:5      | Killed Pikel
  3845 | D:5      | Reached skill level 1 in Short Blades
  3845 | D:5      | Reached skill level 1 in Armour
  3845 | D:5      | Reached XP level 8. HP: 58/58 MP: 12/14
  3877 | D:5      | Found a hide-covered altar of Uskayaw.
  4026 | D:5      | Found Ajuir's Serpentskin Sales.
  4115 | D:6      | Noticed Menkaure
  4147 | D:7      | Found a hazy altar of Hepliaklqana.
  4636 | D:7      | Found a radiant altar of Vehumet.
  4705 | D:7      | Found an ornate altar of the Wu Jian Council.
  4762 | D:7      | Found a staircase to the Ecumenical Temple.
  4770 | D:7      | Reached XP level 9. HP: 59/66 MP: 16/16
  4856 | D:6      | Reached skill level 5 in Spellcasting
  4967 | D:6      | Noticed Jeremiah
  4980 | D:6      | Killed Jeremiah
  5331 | D:6      | Reached skill level 5 in Short Blades
  5458 | D:6      | Killed Menkaure
  5927 | Temple   | Entered the Ecumenical Temple
  5969 | Temple   | Became a worshipper of Makhleb the Destroyer
  6096 | D:8      | Gained mutation: When hurt, damage is shared between your
                  | health and your magic reserves. [demonic ancestry]
  6096 | D:8      | Reached XP level 10. HP: 70/74 MP: 18/18
  6286 | D:8      | Found a sacrificial altar of Ru.
  6294 | D:8      | Reached * piety under Makhleb
  6303 | D:8      | Found a shimmering blue altar of Sif Muna.
  6583 | D:8      | Noticed Erica
  6595 | D:8      | Killed Erica
  6909 | D:8      | Acquired the +0 pair of gloves "Offijemo" {*Slow Regen+
                  | Dex+3 SInv}
  7083 | D:9      | Found an iron altar of Okawaru.
  7170 | D:9      | Reached skill level 5 in Dodging
  7214 | D:9      | Noticed a two-headed ogre
  7223 | D:9      | Killed a two-headed ogre
  7403 | D:9      | Gained mutation: You are robust. (+10% HP) [demonic
                  | ancestry]
  7403 | D:9      | Reached XP level 11. HP: 76/89 MP: 17/20
  7412 | D:9      | Reached skill level 5 in Fighting
  7469 | D:9      | Found a staircase to the Lair.
  7516 | D:9      | Found the +4 robe of Augmentation {Str+4 Int+4 Dex+4}
  7691 | D:9      | Reached ** piety under Makhleb
  8068 | D:10     | Entered Level 10 of the Dungeon
  8197 | D:10     | Noticed a two-headed ogre
  8209 | D:10     | Killed a two-headed ogre
  8215 | D:10     | Found a staircase to the Orcish Mines.
  8263 | D:10     | Noticed Amaemon
  8284 | D:10     | Killed Amaemon
  8317 | D:10     | Identified the +0 leather armour of Music {Str+5}
  8659 | D:11     | Noticed a purple ugly thing
  8666 | D:11     | Killed a purple ugly thing
  9020 | D:11     | Found a snail-covered altar of Cheibriados.
  9023 | D:11     | Noticed Snorg
  9034 | D:11     | Killed Snorg
  9335 | D:12     | Noticed a cyan ugly thing
  9343 | D:12     | Killed a cyan ugly thing
  9344 | D:12     | Reached skill level 5 in Stealth
  9554 | D:12     | Noticed Fannar
  9557 | D:12     | Noticed a boulder beetle
  9582 | D:12     | Noticed a two-headed ogre
  9584 | D:12     | Noticed Kirke
  9625 | D:12     | Noticed a two-headed ogre
  9632 | D:11     | Gained mutation: You have a tail ending in a sharp stinger.
                  | [demonic ancestry]
  9632 | D:11     | Reached XP level 12. HP: 89/101 MP: 15/24
  9648 | D:11     | Killed Kirke
  9653 | D:11     | Killed a two-headed ogre
  9653 | D:11     | Reached *** piety under Makhleb
  9664 | D:12     | Killed a two-headed ogre
  9674 | D:12     | Noticed Frances
  9759 | D:11     | Killed Frances
  9832 | D:12     | Killed Fannar
  9845 | D:12     | Killed a boulder beetle
 10196 | D:12     | Noticed Azrael
 10213 | D:12     | Killed from afar by Azrael

Illustrated notes

Levels and vault maps discovered:
D:1:      sevenhm_arrival_forest_fort_large_3, layout_loops_ring,
          chequers_ecumenical_altar_lobes
D:2:      layout_rooms
D:3:      layout_basic
D:4:      layout_loops_ring, mainiacjoe_overflow_alcove_1,
          grunt_temple_overflow_open, serial_park_tiny_pond,
          nicolae_stop_n_shop_2, grunt_decor_resistance, uniq_eustachio
D:5:      layout_basic, mainiacjoe_overflow_cross_hatched, lemuel_tele_altar,
          hangedman_decor_peaks_small, guppyfry_shop_venom, uniq_pikel
D:6:      layout_loops_ring, chequers_ossuary_entry_cave, uniq_menkaure,
          uniq_jeremiah
D:7:      layout_basic, nicolae_tso_carved_into_rock,
          mainiacjoe_overflow_chevrons, mainiacjoe_overflow_six_doors_small,
          temple_statues, hangedman_feature_mirror
D:8:      layout_layer_cave, mainiacjoe_overflow_24_doors, jmf_multi_god_temple,
          uniq_erica
D:9:      layout_loops_ring, okawaru_metal_pillars_1_2, erik_lair_island,
          hangedman_minor_gate_pass
D:10:     layout_cave_pools, orc_0_dummy, amcnicky_mini_corridor_feature,
          uniq_amaemon
D:11:     layout_loops_cross, minmay_misc_feat_more_columns,
          kennysheep_slug_shrine, uniq_snorg
D:12:     lemuel_ice_spiral_2, layout_basic, uniq_frances, uniq_kirke,
          uniq_azrael, uniq_fannar
Temple:   nicolae_temple_cloud_nine

Skill      XL: |  1  2  3  4  5  6  7  8  9 10 11 12 |
---------------+-------------------------------------+-----
Stealth        | 2 3 4 5 |  5.4
Dodging        | 2 3 4 5 7 |  7.9
Staves         | 1 2 3 4 |  4.5
Necromancy     | 5 6 7 8 9 |  9.7
Spellcasting   | 3 4 5 6 8 |  8.3
Fighting       | 1 2 3 4 6 7 |  7.2
Shapeshifting  | 1 2 3 |  3.7
Short Blades   | 1 3 5 7 8 9 |  9.8
Armour         | 1 |  1.9

Action                     |  1- 3 |  4- 6 |  7- 9 | 10-12 || total
---------------------------+-------+-------+-------+-------++-------
  Melee: Falchion          |     5 |       |       |       ||     5
         Quarterstaff      |    34 |   145 |       |       ||   179
         Tailslap          |       |    16 |    82 |   212 ||   310
         Quick blade       |       |       |   385 |  1049 ||  1434
         Punch             |       |       |     7 |    15 ||    22
   Cast: Necrotise         |    23 |    29 |    35 |    67 ||   154
         Vampiric Draining |       |       |       |    14 ||    14
    Use: Scroll            |       |     5 |     8 |    13 ||    26
         Potion            |       |     2 |       |     2 ||     4
   Stab: Sleeping          |     1 |     4 |     7 |     5 ||    17
         Distracted        |       |       |       |     1 ||     1
 Armour: Robe              |    15 |    20 |       |   105 ||   140
         Leather armour    |       |     2 |    15 |       ||    17
         Steam dragon scal |       |       |    30 |    94 ||   124
  Dodge: Dodged            |    34 |    83 |   205 |   720 ||  1042
   Form: Beast             |       |     1 |       |       ||     1
                           |       |       |       |     1 ||     1

Table legend: (Time is in decaauts)
 A = Elapsed time spent in this place.
 B = Non-inter-level travel time spent in this place.
 C = Inter-level travel time spent in this place.
 D = Time resting spent in this place.
 E = Time spent auto-exploring this place.
 F = Levels seen in this place.
 G = Mean time per level.
                   A        B        C        D        E       F      G
               +--------+--------+--------+--------+--------+-----+--------+
         Total |  10134 |   9853 |    281 |    439 |   5474 |  13 |  779.5 |
       Dungeon |  10085 |   9804 |    281 |    439 |   5474 |  12 |  840.4 |
        Temple |     49 |     49 |      0 |      0 |      0 |   1 |   49.0 |
               +--------+--------+--------+--------+--------+-----+--------+

Top non-repeatable levels by time:
     D:3: 1184 daAuts
     D:8: 1072 daAuts
     D:7: 998 daAuts
     D:9: 990 daAuts
     D:4: 942 daAuts
     D:1: 909 daAuts
    D:11: 875 daAuts
     D:6: 835 daAuts
    D:12: 670 daAuts
    D:10: 571 daAuts
     D:5: 539 daAuts
     D:2: 494 daAuts
  Temple: 49 daAuts
